 Dungeon Crawl Stone Soup version 0.17.0-28-g6e173f8 (webtiles) character file.

1573 Aarh the Ruffian (level 8, 0/50 HPs)
             Began as a Gargoyle Monk on Nov 24, 2015.
             Was a Believer of Okawaru.
             Slain by a gargoyle
             ... wielding a +0 flail
              (6 damage)
             ... on level 10 of the Dungeon.
             The game lasted 00:38:10 (4719 turns).

Aarh the Ruffian (Gargoyle Monk)                    Turns: 4719, Time: 00:38:10

Health: 0/50       AC: 17    Str: 15    XL:     8   Next: 90%
Magic:  9/9        EV: 19    Int: 11    God:    Okawaru [**....]
Gold:   42         SH:  0    Dex: 14    Spells: 1 memorised, 6 levels left

rFire  . . .     SeeInvis .     w - +0 war axe
rCold  . . .     Clarity  .     x - +0 scale mail
rNeg   + . .     SustAt   .     (no shield)
rPois  ∞         Gourm    .     (no helmet)
rElec  +         Spirit   .     o - +1 cloak
rCorr  .         Warding  .     (no gloves)
rMut   +         Stasis   .     z - +0 pair of boots
MR     .....                    e - amulet of resist mutation
Stlth  +++.......               j - +2 ring of evasion
                                q - +3 ring of evasion

@: heroism, not resistant to hostile enchantments, fairly stealthy
A: negative energy resistance 1, electricity resistance, unbreathing,
petrification resistance, rot immunity, AC +5
a: Heroism, Renounce Religion


You were on level 10 of the Dungeon.
You worshipped Okawaru.
Okawaru was pleased with you.
You were not hungry.

You visited 1 branch of the dungeon, and saw 9 of its levels.

You collected 407 gold pieces.
You spent 365 gold pieces at shops.

Inventory:

Hand Weapons
 a - a +2 scimitar of freezing
   (You took it off a wight on level 8 of the Dungeon)
 h - a +2 morningstar
   (You took it off a wight on level 10 of the Dungeon)
 n - a +1 great sword
   (You took it off a wight on level 10 of the Dungeon)
 w - a +0 war axe (weapon)
   (You found it on level 9 of the Dungeon)
 A - a +0 war axe
   (You took it off an orc on level 4 of the Dungeon)
 L - a +0 rapier
   (You found it on level 5 of the Dungeon)
 R - a +3 mace
   (You took it off an orc on level 9 of the Dungeon)
 W - a +0 dagger of flaming
   (You took it off a goblin on level 1 of the Dungeon)
 X - a cursed -3 glaive
   (You found it on level 9 of the Dungeon)
Missiles
 c - 5 javelins (quivered)
 f - 11 poisoned needles
 Q - 2 needles of sleeping
 S - 2 poisoned tomahawks
Armour
 o - a +1 cloak (worn)
   (You found it on level 1 of the Dungeon)
 x - a +0 scale mail (worn)
   (You found it on level 3 of the Dungeon)
 z - a +0 pair of boots (worn)
   (You found it on level 3 of the Dungeon)
 K - a +0 scale mail of poison resistance
   (You found it on level 5 of the Dungeon)
Jewellery
 e - an amulet of resist mutation (around neck)
   (You found it on level 1 of the Dungeon)
 j - a +2 ring of evasion (right hand)
   (You found it on level 1 of the Dungeon)
 q - a +3 ring of evasion (left hand)
   (You found it on level 2 of the Dungeon)
 y - an uncursed ring of teleportation
   (You found it on level 3 of the Dungeon)
Wands
 d - a wand of flame (28)
   (You found it on level 10 of the Dungeon)
 T - a wand of flame (14)
   (You bought it in a shop on level 8 of the Dungeon)
 U - a wand of polymorph (18)
   (You bought it in a shop on level 8 of the Dungeon)
Scrolls
 k - 3 scrolls of enchant armour
 t - 3 scrolls of remove curse
 v - 4 scrolls of identify
 D - 2 scrolls of fear
 E - 3 scrolls of teleportation
 G - a scroll of immolation {unknown}
 J - a scroll of recharging
 P - a scroll of vulnerability {unknown}
Potions
 i - a potion of haste {unknown}
 m - a potion of mutation
 p - 5 potions of curing
 r - a potion of resistance {unknown}
 u - a potion of agility
 B - a potion of ambrosia {unknown}
 C - 2 potions of brilliance
 F - a potion of lignification {unknown}
 H - a potion of heal wounds {unknown}
 M - a potion of flight {unknown}
 N - a potion of cancellation {unknown}
 Y - a potion of magic {unknown}
Books
 l - a book of the Sky
   (You found it on level 2 of the Dungeon)
 V - a book of Flames
   (You found it on level 8 of the Dungeon)
Comestibles
 b - 2 bread rations
 g - 3 beef jerkies
 s - a meat ration
 O - 4 fruits


   Skills:
 * Level 5.4(10.4) Fighting
 + Level 2.4(7.4) Short Blades
 * Level 2.1(7.1) Axes
 * Level 2.8(7.8) Throwing
 * Level 4.8(9.8) Armour
 + Level 4.0(9.0) Dodging
 * Level 4.4(9.4) Stealth
 + Level 5.5(10.5) Unarmed Combat
 * Level 1.0 Spellcasting
 * Level 1.5 Invocations
 * Level 1.7 Evocations


You had 6 spell levels left.
You knew the following spells:

 Your Spells              Type           Power        Failure   Level  Hunger
a - Conjure Flame         Conj/Fire      #.......     100%        3    ####...


Dungeon Overview and Level Annotations

Branches:
Dungeon (10/15)
 Temple: D:4-7         Lair: D:8-11         Orc: D:9-12

Altars:
Fedhas
Nemelex Xobeh
Okawaru

Shops:
D:4 ?   D:5 (   D:8 *

Annotations:
D:6 UnlimitedFusion's ghost, novice NaBe


Innate Abilities, Weirdness & Mutations

You are resistant to torment.
Your stone body is resilient (AC +5).
You are immune to poison.
You resist negative energy.
You are resistant to electric shocks.
You can survive without breathing.
You are immune to petrification.
You are immune to rotting.


Message History

The gargoyle is heavily damaged.
The gargoyle misses you.
You closely miss the gargoyle. You punch the gargoyle.
The gargoyle is heavily damaged.
The gargoyle hits you with a flail.
You barely miss the gargoyle.
The gargoyle is heavily damaged.
The gargoyle hurls a stone arrow at you.
The stone arrow misses you.
You barely miss the gargoyle. You punch the gargoyle!
The gargoyle is almost destroyed.
The gargoyle hurls a stone arrow at you.
The stone arrow hits you!
You hit the gargoyle but do no damage.
The gargoyle is almost destroyed.
The gargoyle hits you but does no damage.
You hit the gargoyle but do no damage.
The gargoyle is almost destroyed.
The gargoyle hurls a stone arrow at you.
The stone arrow misses you.
You barely miss the gargoyle.
The gargoyle is almost destroyed.
The gargoyle hurls a stone arrow at you.
The stone arrow misses you.
You hit the gargoyle but do no damage.
The gargoyle is almost destroyed.
The gargoyle completely misses you.
You hit the gargoyle but do no damage.
The gargoyle is severely damaged.
The gargoyle hurls a stone arrow at you.
The stone arrow misses you.
You barely miss the gargoyle.
The gargoyle is severely damaged.
The gargoyle barely misses you.
You hit the gargoyle but do no damage.
The gargoyle is severely damaged.
The gargoyle hits you with a flail!
* * * LOW HITPOINT WARNING * * *
You completely miss the gargoyle.
The gargoyle is severely damaged.
The gargoyle barely misses you.
You hit the gargoyle.
The gargoyle is severely damaged.
The gargoyle hurls a stone arrow at you.
The stone arrow hits you!
* * * LOW HITPOINT WARNING * * *
You hit the gargoyle but do no damage.
The gargoyle is severely damaged.
The gargoyle hits you with a flail.
You die...

#... ..# #. ###.
#.#
###.#########.
#.#
#..........###
##.# #..........#
# ..# #.#
#....### #.# #.#
#....... #9####.#
#....### #.@....#
#....#
######.#####....#
#........###
#.....####
#######


You could see a gargoyle.

Vanquished Creatures
  Monster Symbol All '5'
  A shadow imp (D:3)
1 creature vanquished. All 'H' A hippogriff (D:9)
1 creature vanquished. All 'J' An ooze (D:2)
1 creature vanquished. All 'K' 3 kobolds (D:3)
3 creatures vanquished. All 'S' 4 adders (D:2 D:3) A ball python (D:2)
5 creatures vanquished. All 'W' A phantom (D:4)
1 creature vanquished. All 'Y' 3 sky beasts (D:4 D:8)
3 creatures vanquished. All 'Z' 2 centaur zombies (D:6 D:9) An adder zombie (D:8) A giant gecko zombie (D:6)
4 creatures vanquished. All 'a' 5 worker ants (D:5 D:9)
5 creatures vanquished. All 'b' 8 bats (D:1 D:2 D:3)
8 creatures vanquished. All 'c' 2 centaurs (D:9 D:10)
2 creatures vanquished. All 'g' 2 gnolls (D:4 D:5) 12 goblins (D:1 D:2) 7 hobgoblins (D:1 D:2)
21 creatures vanquished. All 'h' 3 jackals (D:1)
3 creatures vanquished. All 'l' A wyvern (D:9) An iguana (D:6) 2 giant geckos (D:2 D:6) 4 giant newts (D:1 D:2 D:4 D:6)
8 creatures vanquished. All 'o' 3 orc priests (D:6 D:8) 2 orc wizards (D:9) 14 orcs (D:4 D:6 D:9 D:8)
19 creatures vanquished. All 'r' 4 quokkas (D:2 D:3 D:6) 6 rats (D:2 D:1)
10 creatures vanquished. All 's' 2 scorpions (D:6 D:8) A giant cockroach (D:4)
3 creatures vanquished. All 'w' A worm (D:3)
1 creature vanquished. All 'z' 4 wights (D:8 D:10)
4 creatures vanquished.
103 creatures vanquished. Monster Nature Natural Monsters A wyvern (D:9) A hippogriff (D:9) 3 sky beasts (D:4 D:8) 2 centaurs (D:9 D:10) 2 scorpions (D:6 D:8) 3 orc priests (D:6 D:8) An iguana (D:6) 2 orc wizards (D:9) 5 worker ants (D:5 D:9) 4 adders (D:2 D:3) 2 gnolls (D:4 D:5) An ooze (D:2) A worm (D:3) 2 giant geckos (D:2 D:6) 14 orcs (D:4 D:6 D:9 D:8) A ball python (D:2) A giant cockroach (D:4) 12 goblins (D:1 D:2) 7 hobgoblins (D:1 D:2) 3 jackals (D:1) 4 quokkas (D:2 D:3 D:6) 8 bats (D:1 D:2 D:3) 4 giant newts (D:1 D:2 D:4 D:6) 3 kobolds (D:3) 6 rats (D:2 D:1)
93 creatures vanquished. Undead Monsters A phantom (D:4) 4 wights (D:8 D:10) 2 centaur zombies (D:6 D:9) An adder zombie (D:8) A giant gecko zombie (D:6)
9 creatures vanquished. Demonic Monsters A shadow imp (D:3)
1 creature vanquished.
103 creatures vanquished. Ascending Order A wyvern (D:9) A hippogriff (D:9) A phantom (D:4) An iguana (D:6) A shadow imp (D:3) An ooze (D:2) An adder zombie (D:8) A worm (D:3) A giant cockroach (D:4) A ball python (D:2) A giant gecko zombie (D:6) 2 centaurs (D:9 D:10) 2 scorpions (D:6 D:8) 2 centaur zombies (D:6 D:9) 2 orc wizards (D:9) 2 gnolls (D:4 D:5) 2 giant geckos (D:2 D:6) 3 sky beasts (D:4 D:8) 3 orc priests (D:6 D:8) 3 jackals (D:1) 3 kobolds (D:3) 4 wights (D:8 D:10) 4 adders (D:2 D:3) 4 quokkas (D:2 D:3 D:6) 4 giant newts (D:1 D:2 D:4 D:6) 5 worker ants (D:5 D:9) 6 rats (D:2 D:1) 7 hobgoblins (D:1 D:2) 8 bats (D:1 D:2 D:3) 12 goblins (D:1 D:2) 14 orcs (D:4 D:6 D:9 D:8)
103 creatures vanquished.

Notes
Turn   | Place    | Note
--------------------------------------------------------------
     0 | D:1      | Aarh the Gargoyle Monk began the quest for the Orb.
     0 | D:1      | Reached XP level 1. HP: 14/14 MP: 1/1
    35 | D:1      | Found a sparkling altar of Nemelex Xobeh.
   211 | D:1      | Reached XP level 2. HP: 19/19 MP: 2/2
   561 | D:1      | Reached XP level 3. HP: 20/23 MP: 3/3
   574 | D:1      | You fall through a shaft!
   889 | D:2      | Found an iron altar of Okawaru.
  1030 | D:4      | Found Dyigy's Magic Scroll Emporium.
  1030 | D:4      | Noticed a sky beast
  1054 | D:3      | Reached XP level 4. HP: 29/29 MP: 4/4
  1301 | D:2      | Reached skill level 1 in Armour
  1551 | D:4      | Killed a sky beast
  1551 | D:4      | Reached skill level 4 in Fighting
  1551 | D:4      | Reached skill level 1 in Short Blades
  1551 | D:4      | Reached skill level 1 in Throwing
  1551 | D:4      | Reached skill level 3 in Dodging
  1551 | D:4      | Reached skill level 3 in Stealth
  1551 | D:4      | Reached XP level 5. HP: 27/33 MP: 5/5
  1603 | D:4      | Bought a scroll of identify for 20 gold pieces
  1603 | D:4      | Bought a scroll of noise for 10 gold pieces
  1603 | D:4      | Bought a scroll of fear for 35 gold pieces
  1603 | D:4      | Bought a scroll of remove curse for 30 gold pieces
  1603 | D:4      | Bought a scroll of teleportation for 30 gold pieces
  1603 | D:4      | Bought a scroll of identify for 20 gold pieces
  1603 | D:4      | Bought a scroll of identify for 20 gold pieces
  1737 | D:4      | Noticed a phantom
  1797 | D:4      | Killed a phantom
  1797 | D:4      | Reached skill level 2 in Armour
  1797 | D:4      | Reached XP level 6. HP: 28/38 MP: 6/6
  1960 | D:4      | Noticed an ogre
  1972 | D:5      | Entered Level 5 of the Dungeon
  2021 | D:5      | Found Moxtur's Weapon Shoppe.
  2064 | D:5      | Reached skill level 5 in Unarmed Combat
  2265 | D:6      | Found an iron altar of Okawaru.
  2281 | D:6      | Became a worshipper of Warmaster Okawaru
  2281 | D:6      | Reached * piety under Okawaru
  2281 | D:6      | Reached ** piety under Okawaru
  2303 | D:6      | Reached skill level 2 in Short Blades
  2303 | D:6      | Reached XP level 7. HP: 34/44 MP: 7/7
  2342 | D:6      | HP: 7/44 [orc priest/nerve-wracking pain (9)]
  2695 | D:6      | Noticed UnlimitedFusion's ghost (novice NaBe)
  2945 | D:6      | You fall through a shaft for 3 floors!
  3051 | D:9      | Reached skill level 3 in Armour
  3136 | D:10     | Entered Level 10 of the Dungeon
  3194 | D:9      | Noticed a deep elf mage
  3362 | D:9      | Noticed a wyvern
  3365 | D:8      | Found Numuoh's Assorted Antiques.
  3402 | D:8      | Bought a twisted fluorescent wand for 100 gold pieces
  3402 | D:8      | Bought a worn ivory wand for 100 gold pieces
  3455 | D:8      | Reached skill level 2 in Throwing
  3535 | D:8      | Found a blossoming altar of Fedhas.
  3552 | D:8      | Reached skill level 4 in Stealth
  3607 | D:8      | Learned a level 3 spell: Conjure Flame
  3686 | D:8      | Reached XP level 8. HP: 48/48 MP: 8/8
  3761 | D:8      | Reached skill level 5 in Fighting
  3800 | D:9      | Killed a wyvern
  3800 | D:9      | Reached skill level 1 in Axes
  3800 | D:9      | Reached skill level 4 in Armour
  3800 | D:9      | Reached skill level 1 in Evocations
  3890 | D:9      | Noticed a hippogriff
  3930 | D:9      | Killed a hippogriff
  3930 | D:9      | Reached skill level 1 in Invocations
  4247 | D:9      | Noticed a yak
  4250 | D:9      | Noticed a yak
  4250 | D:9      | Noticed a yak
  4251 | D:9      | Noticed a yak
  4309 | D:10     | Reached skill level 4 in Dodging
  4400 | D:10     | Reached skill level 2 in Axes
  4400 | D:10     | Reached skill level 1 in Spellcasting
  4412 | D:10     | Reached *** piety under Okawaru
  4414 | D:10     | HP: 12/49 [wight/enchanted great sword (5)]
  4687 | D:10     | Noticed a gargoyle
  4716 | D:10     | HP: 11/50 [gargoyle/flail (15)]
  4719 | D:10     | Slain by a gargoyle

Action                   |  1- 3 |  4- 6 |  7- 9 || total
-------------------------+-------+-------+-------++-------
Melee: Unarmed           |   134 |   168 |    61 ||   363
       Rapier            |       |    20 |    37 ||    57
       War axe           |       |       |   201 ||   201
Throw: Javelin           |       |     2 |     1 ||     3
Invok: Heroism           |       |       |     7 ||     7
  Use: Scroll            |     6 |     7 |     3 ||    16
       Potion            |       |       |     1 ||     1
 Stab: Sleeping          |     2 |     2 |     2 ||     6
       Distracted        |     1 |       |       ||     1
  Eat: Chunk             |     1 |     4 |     5 ||    10
       Royal jelly       |       |       |     2 ||     2
Dungeon Crawl Stone Soup version 0.17.0-28-g6e173f8 (webtiles) character file. 1573 Aarh the Ruffian (level 8, 0/50 HPs) Began as a Gargoyle Monk on Nov 24, 2015. Was a Believer of Okawaru. Slain by a gargoyle ... wielding a +0 flail (6 damage) ... on level 10 of the Dungeon. The game lasted 00:38:10 (4719 turns). Aarh the Ruffian (Gargoyle Monk) Turns: 4719, Time: 00:38:10 Health: 0/50 AC: 17 Str: 15 XL: 8 Next: 90% Magic: 9/9 EV: 19 Int: 11 God: Okawaru [**....] Gold: 42 SH: 0 Dex: 14 Spells: 1 memorised, 6 levels left rFire . . . SeeInvis . w - +0 war axe rCold . . . Clarity . x - +0 scale mail rNeg + . . SustAt . (no shield) rPois ∞ Gourm . (no helmet) rElec + Spirit . o - +1 cloak rCorr . Warding . (no gloves) rMut + Stasis . z - +0 pair of boots MR ..... e - amulet of resist mutation Stlth +++....... j - +2 ring of evasion q - +3 ring of evasion @: heroism, not resistant to hostile enchantments, fairly stealthy A: negative energy resistance 1, electricity resistance, unbreathing, petrification resistance, rot immunity, AC +5 a: Heroism, Renounce Religion Innate Abilities, Weirdness & Mutations You are resistant to torment. Your stone body is resilient (AC +5). You are immune to poison. You resist negative energy. You are resistant to electric shocks. You can survive without breathing. You are immune to petrification. You are immune to rotting. Skills: * Level 5.4(10.4) Fighting + Level 2.4(7.4) Short Blades * Level 2.1(7.1) Axes * Level 2.8(7.8) Throwing * Level 4.8(9.8) Armour + Level 4.0(9.0) Dodging * Level 4.4(9.4) Stealth + Level 5.5(10.5) Unarmed Combat * Level 1.0 Spellcasting * Level 1.5 Invocations * Level 1.7 Evocations You had 6 spell levels left. You knew the following spells: Your Spells Type Power Failure Level Hunger a - Conjure Flame Conj/Fire #....... 100% 3 ####... You were on level 10 of the Dungeon. You worshipped Okawaru. Okawaru was pleased with you. You were not hungry. You visited 1 branch of the dungeon, and saw 9 of its levels. You collected 407 gold pieces. You spent 365 gold pieces at shops. You could see a gargoyle. Message History The gargoyle is heavily damaged. The gargoyle misses you. You closely miss the gargoyle. You punch the gargoyle. The gargoyle is heavily damaged. The gargoyle hits you with a flail. You barely miss the gargoyle. The gargoyle is heavily damaged. The gargoyle hurls a stone arrow at you. The stone arrow misses you. You barely miss the gargoyle. You punch the gargoyle! The gargoyle is almost destroyed. The gargoyle hurls a stone arrow at you. The stone arrow hits you! You hit the gargoyle but do no damage. The gargoyle is almost destroyed. The gargoyle hits you but does no damage. You hit the gargoyle but do no damage. The gargoyle is almost destroyed. The gargoyle hurls a stone arrow at you. The stone arrow misses you. You barely miss the gargoyle. The gargoyle is almost destroyed. The gargoyle hurls a stone arrow at you. The stone arrow misses you. You hit the gargoyle but do no damage. The gargoyle is almost destroyed. The gargoyle completely misses you. You hit the gargoyle but do no damage. The gargoyle is severely damaged. The gargoyle hurls a stone arrow at you. The stone arrow misses you. You barely miss the gargoyle. The gargoyle is severely damaged. The gargoyle barely misses you. You hit the gargoyle but do no damage. The gargoyle is severely damaged. The gargoyle hits you with a flail! * * * LOW HITPOINT WARNING * * * You completely miss the gargoyle. The gargoyle is severely damaged. The gargoyle barely misses you. You hit the gargoyle. The gargoyle is severely damaged. The gargoyle hurls a stone arrow at you. The stone arrow hits you! * * * LOW HITPOINT WARNING * * * You hit the gargoyle but do no damage. The gargoyle is severely damaged. The gargoyle hits you with a flail. You die...

Action                   |  1- 3 |  4- 6 |  7- 9 || total
-------------------------+-------+-------+-------++-------
Melee: Unarmed           |   134 |   168 |    61 ||   363
       Rapier            |       |    20 |    37 ||    57
       War axe           |       |       |   201 ||   201
Throw: Javelin           |       |     2 |     1 ||     3
Invok: Heroism           |       |       |     7 ||     7
  Use: Scroll            |     6 |     7 |     3 ||    16
       Potion            |       |       |     1 ||     1
 Stab: Sleeping          |     2 |     2 |     2 ||     6
       Distracted        |     1 |       |       ||     1
  Eat: Chunk             |     1 |     4 |     5 ||    10
       Royal jelly       |       |       |     2 ||     2
Notes Turn | Place | Note -------------------------------------------------------------- 0 | D:1 | Aarh the Gargoyle Monk began the quest for the Orb. 0 | D:1 | Reached XP level 1. HP: 14/14 MP: 1/1 35 | D:1 | Found a sparkling altar of Nemelex Xobeh. 211 | D:1 | Reached XP level 2. HP: 19/19 MP: 2/2 561 | D:1 | Reached XP level 3. HP: 20/23 MP: 3/3 574 | D:1 | You fall through a shaft! 889 | D:2 | Found an iron altar of Okawaru. 1030 | D:4 | Found Dyigy's Magic Scroll Emporium. 1030 | D:4 | Noticed a sky beast 1054 | D:3 | Reached XP level 4. HP: 29/29 MP: 4/4 1301 | D:2 | Reached skill level 1 in Armour 1551 | D:4 | Killed a sky beast 1551 | D:4 | Reached skill level 4 in Fighting 1551 | D:4 | Reached skill level 1 in Short Blades 1551 | D:4 | Reached skill level 1 in Throwing 1551 | D:4 | Reached skill level 3 in Dodging 1551 | D:4 | Reached skill level 3 in Stealth 1551 | D:4 | Reached XP level 5. HP: 27/33 MP: 5/5 1603 | D:4 | Bought a scroll of identify for 20 gold pieces 1603 | D:4 | Bought a scroll of noise for 10 gold pieces 1603 | D:4 | Bought a scroll of fear for 35 gold pieces 1603 | D:4 | Bought a scroll of remove curse for 30 gold pieces 1603 | D:4 | Bought a scroll of teleportation for 30 gold pieces 1603 | D:4 | Bought a scroll of identify for 20 gold pieces 1603 | D:4 | Bought a scroll of identify for 20 gold pieces 1737 | D:4 | Noticed a phantom 1797 | D:4 | Killed a phantom 1797 | D:4 | Reached skill level 2 in Armour 1797 | D:4 | Reached XP level 6. HP: 28/38 MP: 6/6 1960 | D:4 | Noticed an ogre 1972 | D:5 | Entered Level 5 of the Dungeon 2021 | D:5 | Found Moxtur's Weapon Shoppe. 2064 | D:5 | Reached skill level 5 in Unarmed Combat 2265 | D:6 | Found an iron altar of Okawaru. 2281 | D:6 | Became a worshipper of Warmaster Okawaru 2281 | D:6 | Reached * piety under Okawaru 2281 | D:6 | Reached ** piety under Okawaru 2303 | D:6 | Reached skill level 2 in Short Blades 2303 | D:6 | Reached XP level 7. HP: 34/44 MP: 7/7 2342 | D:6 | HP: 7/44 [orc priest/nerve-wracking pain (9)] 2695 | D:6 | Noticed UnlimitedFusion's ghost (novice NaBe) 2945 | D:6 | You fall through a shaft for 3 floors! 3051 | D:9 | Reached skill level 3 in Armour 3136 | D:10 | Entered Level 10 of the Dungeon 3194 | D:9 | Noticed a deep elf mage 3362 | D:9 | Noticed a wyvern 3365 | D:8 | Found Numuoh's Assorted Antiques. 3402 | D:8 | Bought a twisted fluorescent wand for 100 gold pieces 3402 | D:8 | Bought a worn ivory wand for 100 gold pieces 3455 | D:8 | Reached skill level 2 in Throwing 3535 | D:8 | Found a blossoming altar of Fedhas. 3552 | D:8 | Reached skill level 4 in Stealth 3607 | D:8 | Learned a level 3 spell: Conjure Flame 3686 | D:8 | Reached XP level 8. HP: 48/48 MP: 8/8 3761 | D:8 | Reached skill level 5 in Fighting 3800 | D:9 | Killed a wyvern 3800 | D:9 | Reached skill level 1 in Axes 3800 | D:9 | Reached skill level 4 in Armour 3800 | D:9 | Reached skill level 1 in Evocations 3890 | D:9 | Noticed a hippogriff 3930 | D:9 | Killed a hippogriff 3930 | D:9 | Reached skill level 1 in Invocations 4247 | D:9 | Noticed a yak 4250 | D:9 | Noticed a yak 4250 | D:9 | Noticed a yak 4251 | D:9 | Noticed a yak 4309 | D:10 | Reached skill level 4 in Dodging 4400 | D:10 | Reached skill level 2 in Axes 4400 | D:10 | Reached skill level 1 in Spellcasting 4412 | D:10 | Reached *** piety under Okawaru 4414 | D:10 | HP: 12/49 [wight/enchanted great sword (5)] 4687 | D:10 | Noticed a gargoyle 4716 | D:10 | HP: 11/50 [gargoyle/flail (15)] 4719 | D:10 | Slain by a gargoyle

Table legend:
 A = Turns spent in this place as a percentage of turns spent in the entire game.
 B = Non-inter-level travel turns spent in this place as a percentage of non-inter-level travel turns spent in the entire game.
 C = Inter-level travel turns spent in this place as a percentage of turns spent in this place.
 D = Turns resting spent in this place as a percentage of non-inter-level travel turns spent in this place.
 E = Turns spent auto-exploring this place as a percentage of non-inter-level travel turns spent in this place.
 F = Non-inter-level travel turns spent in this place divided by the number of levels of this place that you've seen.
                   A       B       C       D       E      F
               +-------+-------+-------+-------+-------+----------------------
         Total | 100.0 | 100.0 |   0.0 |   0.9 |   2.6 | 312.1
       Dungeon | 100.0 | 100.0 |   0.0 |   0.9 |   2.6 | 312.1
               +-------+-------+-------+-------+-------+----------------------

Table legend:
 A = Kills in this place as a percentage of kills in entire the game.
 B = Kills by you in this place as a percentage of kills by you in the entire game.
 C = Kills by friends in this place as a percentage of kills by friends in the entire game.
 D = Other kills in this place as a percentage of other kills in the entire game.
 E = Experience gained in this place as a percentage of experience gained in the entire game.
 F = Experience gained in this place divided by the number of levels of this place that you have seen.
                   A       B       C       D       E      F
               +-------+-------+-------+-------+-------+----------------------
         Total | 100.0 | 100.0 |  -nan |  -nan | 100.0 | 249.8
       Dungeon | 100.0 | 100.0 |  -nan |  -nan | 100.0 | 249.8
               +-------+-------+-------+-------+-------+----------------------

Vault maps used:
D:1:      evilmike_arrival_plus, st_stairs_10, nemelex_diamond_rough_becter
D:2:      kennysheep_six_static_rooms, lemuel_statue_altar
D:3:      grunt_gozag_statues
D:4:      serial_shops, nicolae_shop_crystal
D:5:      lemuel_temple_firewalk_marked, serial_shops, shop, first_bread,
          uniq_eustachio, uniq_blork_the_orc, uniq_pikel
D:6:      slow_altar_2, okawaru_gym_becter
D:8:      basic_altar, serial_shops, nicolae_shop_statue_plus,
          hangedman_pestilent_swarm
D:9:      grunt_temple_overflow_open, kennysheep_mini_moat
D:10:     uniq_joseph
